 Dungeon Crawl Stone Soup version 0.26.0-10-g1f06aea511 (webtiles) character file.

Game seed: 9503926533584467697

23 Borgoz the Slasher (level 3, 0/30 HPs)
             Began as a Ghoul Gladiator on Jan 13, 2021.
             Slain by Sigmund
             ... wielding a +2 scythe of protection
              (7 damage)
             ... on level 2 of the Dungeon.
             The game lasted 00:01:29 (1205 turns).

Borgoz the Slasher (Ghoul Gladiator)                Turns: 1205, Time: 00:01:30

Health: 0/30       AC:  8    Str: 15 (17) XL:     3   Next: 0%
Magic:  2/2        EV: 12    Int:  2 (3)  God:
Gold:   90         SH:  0    Dex: 11      Spells: 2/2 levels left

rFire    . . .     SeeInvis .   a - +0 long sword
rCold    + . .     Faith    .   (no shield)
rNeg     + + +     Spirit   .   i - +0 leather armour
rPois    ∞         Reflect  .   c - +0 helmet
rElec    .         Harm     .   k - +2 cloak
rCorr    .         Rampage  .   h - +0 pair of gloves
Will     .....                  (no boots)
Stlth    +.........             (no amulet)
HPRegen  0.00/turn              (no ring)
MPRegen  0.08/turn              (no ring)

@: mighty, very slightly contaminated, hasted, invisible, very quick
A: claws 1, cold resistance 1, negative energy resistance 3, inhibited
regeneration, torment resistance, unbreathing
a: no special abilities


You were on level 2 of the Dungeon.
You visited 1 branch of the dungeon, and saw 2 of its levels.

You collected 90 gold pieces.

Inventory:

Hand Weapons
 a - a +0 long sword (weapon)
 b - a +1 short sword of venom
Missiles
 d - 3 throwing nets (quivered)
Armour
 c - a +0 helmet (worn)
 h - a +0 pair of gloves (worn)
 i - a +0 leather armour (worn)
 k - a +2 cloak (worn)
Jewellery
 l - an uncursed ring of ice {unknown}
Scrolls
 e - a scroll of noise {unknown}
 g - a scroll of remove curse {unknown}
 j - a scroll of identify {unknown}
 n - 2 scrolls of teleportation {unknown}
Potions
 f - a potion of haste
 o - a potion of invisibility


   Skills:
 + Level 2.5 Fighting
 * Level 3.1 Long Blades
 - Level 1.7 Throwing
 * Level 1.0 Armour
 + Level 2.9 Dodging


You had 2 spell levels left.
You didn't know any spells.
Your spell library was empty.

Dungeon Overview and Level Annotations

Branches:
Dungeon (2/15)

Altars:

Annotations:
D:2 Sigmund


Innate Abilities, Weirdness & Mutations

You thrive by killing the living.
You are immune to poison.
You have sharp fingernails.
Your flesh is cold resistant. (rC+)
You are immune to negative energy. (rN+++)
You do not regenerate when monsters are visible.
You are immune to unholy pain and torment.
You can survive without breathing.


Message History

It was a potion of haste.
You feel yourself speed up. Something hits you!
You closely miss something. You completely miss something.
Something hits you but does no damage.
You miss something. Something hits you but does no damage.
It was a potion of might.
You feel very mighty all of a sudden.
You miss something.
You hear some strange, mumbled words.
A puff of flame appears from out of thin air!
The puff of flame hits you.
You closely miss something. Something hits you!
* * * LOW HITPOINT WARNING * * *
You slash something!
It was a potion of invisibility.
You fade into invisibility!
Something hits you but does no damage.
You are very lightly contaminated with residual magic.
You slash something! You hit something. Something hits you!
You die...

.......<........#
.##############.#
#.# #.# #>#
#######.# ##.....>.#
###########.#.#.####
......{@...)....#
#####.##.##.#.#.# #
#.###....# #.#
##.#.# #.# #.#..#
#.# #.##.# #.# #.#
.# ..# #.# .#


There were no monsters in sight!

Vanquished Creatures
  2 leopard geckos (D:1)
  A bat (D:1)
  2 giant cockroaches (D:1)
  2 goblins (D:1)
  3 hobgoblins
  5 kobolds (D:1)
  3 frilled lizards (D:1)
  2 rats (D:1)
20 creatures vanquished.

Notes
Turn   | Place    | Note
-------+----------+-------------------------------------------
     0 | D:1      | Borgoz the Ghoul Gladiator began the quest for the Orb.
     0 | D:1      | Reached XP level 1. HP: 17/17 MP: 0/0
   423 | D:1      | Reached XP level 2. HP: 25/25 MP: 1/1
   519 | D:1      | Reached skill level 3 in Long Blades
   924 | D:1      | Reached skill level 1 in Armour
  1190 | D:2      | Reached XP level 3. HP: 30/30 MP: 2/2
  1190 | D:2      | Noticed Sigmund
  1205 | D:2      | Slain by Sigmund

Illustrated notes

Levels and vault maps discovered:
D:1:      scummos_arrival_star, layout_basic
D:2:      layout_loops_ring, gammafunk_temple_overflow_pools, uniq_robin,
          uniq_sigmund

Skill      XL: |  1  2 |
---------------+-------+-----
Long Blades    | 3 |  3.1
Armour         | 1 |  1.0
Fighting       | |  2.5
Throwing       | |  1.7
Dodging        | |  2.9

Action                   || total
-------------------------++-------
Melee: Long sword        ||    63
  Use: Potion            ||     5
Armor: Leather armour    ||    21
Dodge: Dodged            ||    43
       Rpst.: Long sword ||    17
